[Event "Titled Tuesday Blitz July 6 2021"]
[White "Volkov, Maksim"]
[Black "Visakh N R"]
[WhiteFideId "54123070"]
[BlackFideId "25012223"]
[WhiteElo "2113"]
[BlackElo "2428"]
[Result "1/2-1/2"]
[Round "01"]
[TimeControl "180+1"]
[Date "2021.07.06"]
[WhiteClock "0:00:18"]
[BlackClock "0:00:01"]

1. d4 Nf6 2. c4 g6 3. Nf3 Bg7 4. g3 O-O 5. Bg2 d5 6. cxd5 Nxd5 7. Nc3 Nb6 8. O-O Nc6 9. d5 Nb4 10. e4 c6 11. a3 Na6 12. dxc6 bxc6 13. Bf4 Nc5 14. Qc2 Qd3 15. Rac1 Qxc2 16. Rxc2 Ba6 17. Rd1 Bd3 18. Rcc1 Rfd8 19. Nd2 Ba6 20. Rc2 Nd3 21. Be3 Nxb2 22. Rxb2 Bxc3 23. Rc2 Na4 24. e5 Bd3 25. Rcc1 Be2 26. Bxc6 Bxd1 27. Bxa8 Rxa8 28. Rxd1 Rd8 29. Kg2 Nb6 30. Kf3 Nc4 31. Ke2 Nxd2 32. Bxd2 Bxe5 33. Rb1 Rd7 34. Be3 f6 35. a4 Kf7 36. Rb5 a6 37. Rb6 Rd6 38. Rb7 Bd4 39. Bf4 Re6+ 40. Kf3 g5 41. Bd2 Rb6 42. Rc7 Rb2 43. Be1 h5 44. h3 Rb1 45. Ke2 Rb6 46. Kd3 Rd6 47. Ke2 g4 48. hxg4 hxg4 49. a5 Re6+ 50. Kf1 f5 51. Bb4 Bf6 52. Rc5 Kg6 53. Rc7 Re4 54. Bd2 Re6 55. Rb7 Bd4 56. Bb4 Kf7 57. Bd2 Rc6 58. Bb4 Bc5 59. Bd2 Bd6 60. Be3 Ke6 61. Ra7 Kd5 62. Bb6 e5 63. Rxa6 f4 64. gxf4 exf4 65. Ra8 f3 66. Ke1 Rc2 67. Rd8 Ke6 68. Re8+ Kd7 69. Rg8 g3 70. fxg3 Rg2 71. Kf1 Rxg3 72. Rh8 Rg2 73. Rh7+ Kc6 74. Rf7 Ra2 75. Rxf3 Bb4 76. Rf5 Kb7 77. Rf7+ Ka6 78. Ra7+ Kb5 79. Rb7 Kc6 80. Rb8 Bxa5 81. Bxa5 Rxa5 82. Rc8+ Kb7 83. Rc2 Ra8 84. Ke2 Rb8 85. Kd2 Rd8+ 86. Kc1 Rc8 87. Rxc8 Kxc8 1/2-1/2


[Site "https://www.chess.com"]

[Event "Titled Tuesday Blitz July 6 2021"]
[White "Vovk, Orest"]
[Black "Kukhmazov, Arsen"]
[WhiteFideId "14113490"]
[BlackFideId "24108260"]
[WhiteElo "2203"]
[BlackElo "2453"]
[Result "0-1"]
[Round "01"]
[TimeControl "180+1"]
[Date "2021.07.06"]
[WhiteClock "0:00:05"]
[BlackClock "0:00:22"]

1. h3 d5 2. e4 dxe4 3. Nc3 Nf6 4. Qe2 Nc6 5. Nxe4 Nxe4 6. Qxe4 g6 7. Bb5 Bd7 8. Nf3 Bg7 9. d3 a6 10. Bc4 O-O 11. Qh4 b5 12. Bb3 Na5 13. Bh6 Nxb3 14. axb3 Re8 15. Bxg7 Kxg7 16. O-O Bc6 17. Ne5 Qd5 18. Nxc6 Qxc6 19. c3 Rad8 20. d4 Rd5 21. b4 Rh5 22. Qg3 Rd8 23. Rfe1 Rdd5 24. f4 e6 25. Re5 f6 26. Rxd5 Rxd5 27. Qf3 Rd6 28. Qxc6 Rxc6 29. Kf2 Kf7 30. Ke3 Ke7 31. g4 Kd6 32. Ke4 Kd7 33. f5 exf5+ 34. gxf5 g5 35. h4 h6 36. hxg5 hxg5 37. Rh1 Rd6 38. d5 Kc8 39. Rh8+ Kb7 40. Rf8 Kb6 41. Rb8+ Ka7 42. Re8 Kb6 43. Rf8 a5 44. Rb8+ Ka7 45. Rxb5 axb4 46. Rxb4 Ra6 47. Rc4 Kb7 48. b4 Kc8 49. Rc6 Rxc6 50. dxc6 Kd8 51. c4 Ke7 52. c5 Kd8 53. b5 Kc8 54. b6 Kb8 55. Kd5 Kc8 56. Ke4 Kb8 57. Kd4 Kc8 58. b7+ Kb8 59. Ke3 Ka7 60. Kf2 Kb8 61. Kf3 Ka7 62. Kg4 Kb8 63. Kh5 Ka7 64. Kg6 g4 65. Kxf6 g3 66. Ke7 g2 67. Kd7 g1=Q 68. Kxc7 Qg3+ 69. Kd7 Kb8 70. f6 Qc7+ 71. Ke6 Qxc6+ 72. Ke7 Qxc5+ 73. Ke8 Qc6+ 74. Kf7 Qxb7+ 75. Kg8 Qc8+ 76. Kg7 Qg4+ 77. Kh7 Qf5+ 78. Kg7 Qg5+ 79. Kf7 Kc7 80. Ke7 Qe5+ 81. Kf7 Kd7 82. Kg6 Ke6 83. f7 Qf5+ 84. Kg7 Qxf7+ 85. Kh8 Qe7 0-1


[Site "https://www.chess.com"]

[Event "Titled Tuesday Blitz July 6 2021"]
[White "Vykouk, Jan"]
[Black "Jodorcovsky Werjivker, Paulo"]
[WhiteFideId "349658"]
[BlackFideId "3700305"]
[WhiteElo "2387"]
[BlackElo "2142"]
[Result "1-0"]
[Round "01"]
[TimeControl "180+1"]
[Date "2021.07.06"]
[WhiteClock "0:00:56"]
[BlackClock "0:00:05"]

1. e4 c5 2. Nf3 Nc6 3. d4 cxd4 4. Nxd4 Nf6 5. Nc3 e5 6. Ndb5 d6 7. Bg5 a6 8. Na3 b5 9. Nd5 Be7 10. Bxf6 Bxf6 11. c4 b4 12. Nc2 O-O 13. g3 Bg5 14. Bg2 Qa5 15. O-O Qc5 16. Qd3 a5 17. Kh1 Kh8 18. f4 Bh6 19. Rad1 Ra7 20. Nde3 Rd7 21. b3 Ne7 22. Bh3 Rdd8 23. Bxc8 Nxc8 24. Nf5 exf4 25. gxf4 Qc6 26. Nce3 Rfe8 27. Nd5 Re6 28. Rg1 Nb6 29. Nxh6 Rxh6 30. Qd4 f6 31. Qxb6 Qe8 32. Qe3 Qh5 33. Qg3 Rg6 34. Qf2 Rh6 35. Rd3 Re8 36. Rdg3 Rg8 37. h3 Qe8 38. Qf3 Qd7 39. f5 Rh4 40. Nf4 g6 41. fxg6 hxg6 42. Rg4 g5 43. Rxh4+ gxh4 44. Qh5+ Qh7 45. Ng6+ Rxg6 46. Qxg6 Qxg6 47. Rxg6 Kh7 1-0


[Site "https://www.chess.com"]

[Event "Titled Tuesday Blitz July 6 2021"]
[White "Wagner, Dennis"]
[Black "Terletsky, Oleg"]
[WhiteFideId "24650684"]
[BlackFideId "14116774"]
[WhiteElo "2355"]
[BlackElo "2094"]
[Result "1-0"]
[Round "01"]
[TimeControl "180+1"]
[Date "2021.07.06"]
[WhiteClock "0:00:51"]
[BlackClock "0:00:20"]

1. d4 Nf6 2. c4 g6 3. Nc3 Bg7 4. e4 d6 5. f4 O-O 6. Nf3 c5 7. d5 e6 8. Be2 exd5 9. cxd5 Bg4 10. O-O Nbd7 11. h3 Bxf3 12. Bxf3 Qa5 13. g4 h6 14. h4 b5 15. g5 hxg5 16. hxg5 Nh7 17. Bd2 c4 18. Kg2 Nc5 19. Rh1 Rfe8 20. Qg1 b4 21. Qh2 Nf8 22. Rae1 bxc3 23. Bxc3 Bxc3 24. bxc3 Qxc3 25. e5 Nh7 26. Qxh7+ Kf8 27. Qh8+ Ke7 28. exd6+ 1-0


[Site "https://www.chess.com"]

[Event "Titled Tuesday Blitz July 6 2021"]
[White "Willow, Jonah B"]
[Black "Urquhart, Ed"]
[WhiteFideId "438804"]
[BlackFideId "2603748"]
[WhiteElo "2261"]
[BlackElo "2184"]
[Result "1/2-1/2"]
[Round "01"]
[TimeControl "180+1"]
[Date "2021.07.06"]
[WhiteClock "0:00:02"]
[BlackClock "0:00:06"]

1. e4 c5 2. Nf3 e6 3. d4 cxd4 4. Nxd4 Nc6 5. Nc3 Qc7 6. g3 a6 7. Bg2 Nf6 8. O-O Be7 9. Nb3 d6 10. f4 O-O 11. g4 b5 12. g5 Nd7 13. Qh5 g6 14. Qh6 Re8 15. Rf3 Bf8 16. Qh4 Bg7 17. Be3 Bb7 18. Rh3 Nf8 19. Rf1 b4 20. Na4 Ne7 21. Qf2 Rac8 22. Nb6 Rb8 23. Na5 Bxb2 24. Nxb7 Rxb7 25. e5 d5 26. Na4 Bc3 27. Bc5 Nf5 28. Nxc3 bxc3 29. Rxc3 Qd7 30. Ra3 Qb5 31. Rb3 Qc6 32. c4 Rxb3 33. axb3 Rc8 34. b4 Nd7 35. cxd5 exd5 36. Rc1 Qe6 37. Qa2 Nxc5 38. Bxd5 Qd7 39. bxc5 Ne3 40. Bb3 Qg4+ 41. Kf2 Qxf4+ 42. Ke2 Nf5 43. Bxf7+ Kh8 44. Qc4 Qe3+ 45. Kf1 Qxe5 46. Qc3 Nd4 47. Re1 Qf4+ 48. Kg2 Rf8 49. Re7 Qxg5+ 50. Kh1 Qf4 51. Kg2 Kg7 52. Be6+ Kh6 53. Qh3+ Kg5 54. Qg3+ Qxg3+ 55. hxg3 Nxe6 56. Rxe6 Rf5 57. c6 Rc5 58. Kf3 h5 59. Rd6 a5 60. Ke4 a4 61. Rd5+ Rxd5 62. Kxd5 a3 63. c7 a2 64. c8=Q a1=Q 65. Qd8+ Kg4 66. Qh4+ Kf3 67. Qf4+ Kg2 68. Qe4+ Kh2 69. Qxg6 Qa5+ 70. Kd4 Qa1+ 71. Ke3 Qe1+ 72. Kf4 Qf2+ 73. Ke4 Qxg3 74. Qxh5+ Kg2 75. Qe2+ Qf2 76. Qxf2+ Kxf2 1/2-1/2


[Site "https://www.chess.com"]

[Event "Titled Tuesday Blitz July 6 2021"]
[White "Zakharov, Alexander S."]
[Black "Weetik, Vjacheslav"]
[WhiteFideId "4120132"]
[BlackFideId "4153472"]
[WhiteElo "2417"]
[BlackElo "2469"]
[Result "0-1"]
[Round "01"]
[TimeControl "180+1"]
[Date "2021.07.06"]
[WhiteClock "0:00:02"]
[BlackClock "0:00:06"]

1. e4 c6 2. d4 d5 3. e5 Bf5 4. c4 e6 5. Nc3 Ne7 6. a3 Nd7 7. c5 b6 8. b4 f6 9. f4 bxc5 10. bxc5 fxe5 11. fxe5 Ng6 12. Be3 Be7 13. Nf3 O-O 14. Be2 Bg4 15. Qd2 Rb8 16. O-O Bxf3 17. Bxf3 Nh4 18. Bg4 Nf5 19. Bf2 Bg5 20. Qd3 Rb3 21. Rfb1 Rxb1+ 22. Rxb1 Qa5 23. Rb7 Rd8 24. a4 g6 25. h3 Nf8 26. Bxf5 exf5 27. Qg3 Bd2 28. e6 Qxc3 29. Qe5 Qc1+ 30. Be1 Qxe1+ 31. Qxe1 Bxe1 32. e7 Re8 33. exf8=Q+ Rxf8 34. Rxa7 Bc3 35. Rc7 Bxd4+ 36. Kf1 Rf6 37. a5 Bxc5 38. a6 Rf7 39. Rc8+ Kg7 40. Rxc6 Be3 0-1


[Site "https://www.chess.com"]

[Event "Titled Tuesday Blitz July 6 2021"]
[White "Zubritskiy, Artyom"]
[Black "Region_07"]
[WhiteFideId "4181247"]
[WhiteElo "2559"]
[BlackElo "2348"]
[Result "1-0"]
[Round "01"]
[TimeControl "180+1"]
[Date "2021.07.06"]
[WhiteClock "0:00:22"]
[BlackClock "0:00:04"]

1. d4 d5 2. c4 Nc6 3. Nc3 dxc4 4. Nf3 Bg4 5. d5 Bxf3 6. exf3 Na5 7. Qa4+ c6 8. b4 cxb3 9. axb3 e6 10. b4 exd5 11. bxa5 Nf6 12. Bd3 Be7 13. O-O O-O 14. Rb1 Nd7 15. Be3 Qc7 16. Rfc1 Nc5 17. Bxc5 Bxc5 18. Qc2 Qf4 19. Ne2 Qh4 20. Qxc5 1-0


[Site "https://www.chess.com"]

[Event "Titled Tuesday Blitz July 6 2021"]
[White "harlem4brew"]
[Black "Mons, Leon"]
[BlackFideId "4614950"]
[WhiteElo "2392"]
[BlackElo "2492"]
[Result "0-1"]
[Round "01"]
[TimeControl "180+1"]
[Date "2021.07.06"]
[WhiteClock "0:00:48"]
[BlackClock "0:00:19"]

1. e4 e5 2. Nf3 Nc6 3. Bb5 a6 4. Ba4 Nf6 5. O-O Be7 6. Re1 b5 7. Bb3 d6 8. c3 O-O 9. h3 Na5 10. Bc2 c5 11. d4 Qc7 12. a4 Be6 13. d5 Bd7 14. axb5 axb5 15. Bg5 c4 16. Nbd2 Nb7 17. Nf1 Nc5 18. Ng3 Qb7 19. Rxa8 Qxa8 20. Nh4 g6 21. Qf3 Qd8 22. Bh6 Re8 23. Ra1 Nxd5 24. Nxg6 hxg6 25. exd5 Bg5 26. Ra8 Qe7 27. Rxe8+ Bxe8 28. Nf5 gxf5 29. Qg3 f6 30. h4 f4 31. Qg4 Bd7 32. Qh5 Bxh6 33. Qxh6 Qg7 34. Qh5 Nd3 35. Bd1 Ne1 36. Kf1 Nd3 37. b3 Nc5 38. bxc4 bxc4 39. Qe2 Qh7 40. Qxc4 Qb1 41. Qe2 Bb5 0-1


[Site "https://www.chess.com"]

[Event "Titled Tuesday Blitz July 6 2021"]
[White "Abdurakhmonov, Mukhammadali"]
[Black "Shtyka, Sergey"]
[WhiteFideId "14207346"]
[BlackFideId "4138465"]
[WhiteElo "2266"]
[BlackElo "2064"]
[Result "1-0"]
[Round "02"]
[TimeControl "180+1"]
[Date "2021.07.06"]
[WhiteClock "0:01:22"]
[BlackClock "0:00:47"]

1. e4 c5 2. Nc3 Nc6 3. Nge2 g6 4. d4 cxd4 5. Nxd4 Bg7 6. Be3 d6 7. f3 Nf6 8. Qd2 O-O 9. g4 e6 10. O-O-O d5 11. Nxc6 bxc6 12. h4 Qa5 13. h5 dxe4 14. Bh6 Bxh6 15. Qxh6 exf3 16. hxg6 fxg6 17. Ne4 Qc7 18. Nxf6+ Rxf6 19. Rd8+ Qxd8 20. Qxh7+ Kf8 21. Qh8+ Ke7 22. Rh7+ Rf7 23. Rxf7+ Kxf7 24. Qxd8 1-0


[Site "https://www.chess.com"]

[Event "Titled Tuesday Blitz July 6 2021"]
[White "Abdusattorov, Nodirbek"]
[Black "Jakubowski, Krzysztof"]
[WhiteFideId "14204118"]
[BlackFideId "1112848"]
[WhiteElo "2662"]
[BlackElo "2462"]
[Result "1-0"]
[Round "02"]
[TimeControl "180+1"]
[Date "2021.07.06"]
[WhiteClock "0:00:14"]
[BlackClock "0:00:05"]

1. e4 c5 2. Nf3 e6 3. b3 b6 4. d4 cxd4 5. Nxd4 Bb7 6. Bd3 Qf6 7. c3 Nc6 8. Nf3 Ne5 9. Nxe5 Qxe5 10. O-O Bxe4 11. Re1 f5 12. Qh5+ g6 13. Rxe4 Qf6 14. Qe2 fxe4 15. Bxe4 Rd8 16. Be3 Bc5 17. Nd2 Qxc3 18. Rf1 Nf6 19. Bh6 Bf8 20. Bf4 Be7 21. Bh6 Qe5 22. Bxg6+ hxg6 23. Qxe5 Rxh6 24. Nf3 Rh5 25. Qg3 g5 26. Nxg5 Rc8 27. Nf3 Rcc5 28. Rd1 Kf7 29. h4 Rhf5 30. Ng5+ Kf8 31. Qb8+ Kg7 32. Qxa7 Rcd5 33. Rxd5 Rxd5 34. g3 Bc5 35. Nxe6+ Kg6 36. Nf4+ 1-0


[Site "https://www.chess.com"]

[Event "Titled Tuesday Blitz July 6 2021"]
[White "Afanasiev, Nikita"]
[Black "Katz, Alexander"]
[WhiteFideId "24183555"]
[BlackFideId "2039796"]
[WhiteElo "2521"]
[BlackElo "2371"]
[Result "1-0"]
[Round "02"]
[TimeControl "180+1"]
[Date "2021.07.06"]
[WhiteClock "0:02:33"]
[BlackClock "0:00:36"]

1. f4 g6 2. g3 Bg7 3. Bg2 d5 4. Nf3 c6 5. O-O Nd7 6. d3 e5 7. e4 Ne7 8. fxe5 Nxe5 9. Nxe5 Bxe5 10. d4 Bg7 11. e5 O-O 12. c3 Bf5 13. Nd2 f6 14. exf6 Rxf6 15. Nb3 Qd7 16. Nc5 Qc8 17. Bg5 Rf7 18. Qe2 Qc7 19. Rae1 Bf8 20. Ne6 Bxe6 21. Qxe6 1-0


[Site "https://www.chess.com"]

[Event "Titled Tuesday Blitz July 6 2021"]
[White "Akhvlediani, Irakli"]
[Black "Tokman, Ariel"]
[WhiteFideId "13601938"]
[BlackFideId "117420"]
[WhiteElo "2226"]
[BlackElo "2345"]
[Result "1-0"]
[Round "02"]
[TimeControl "180+1"]
[Date "2021.07.06"]
[WhiteClock "0:00:12"]
[BlackClock "0:00:15"]

1. Nf3 c5 2. e4 e6 3. c3 Nf6 4. e5 Nd5 5. d4 cxd4 6. Qxd4 Nc6 7. Qe4 d6 8. Nbd2 dxe5 9. Nxe5 Nxe5 10. Qxe5 Qc7 11. Bb5+ Bd7 12. Qxc7 Nxc7 13. Bxd7+ Kxd7 14. O-O Be7 15. Nc4 Rhd8 16. Bf4 Nd5 17. Be5 f6 18. Bg3 Rac8 19. Nd2 Bd6 20. Bxd6 Kxd6 21. Rfd1 Ke7 22. g3 Rd7 23. Ne4 b6 24. Rd2 Rcd8 25. Rad1 Nc7 26. Kf1 Rxd2 27. Rxd2 Rxd2 28. Nxd2 e5 29. Ke2 Ke6 30. Kd3 f5 31. f3 Na6 32. b4 Nc7 33. c4 Kd6 34. Nb1 Ne6 35. Nc3 Nd4 36. f4 Nf3 37. Nb5+ Ke6 38. fxe5 Nxe5+ 39. Kc3 Nc6 40. Nd4+ Nxd4 41. Kxd4 Kd6 42. h4 g6 43. a3 h6 44. c5+ bxc5+ 45. bxc5+ Ke6 46. c6 g5 47. Kc5 f4 48. gxf4 gxf4 49. Kd4 Kd6 50. Ke4 Kxc6 51. Kxf4 a5 52. Kf5 a4 53. Kg6 Kc5 54. Kxh6 Kc4 55. Kg5 Kb3 56. h5 Kxa3 57. h6 Kb3 58. h7 a3 59. h8=Q a2 60. Qa1 1-0


[Site "https://www.chess.com"]

[Event "Titled Tuesday Blitz July 6 2021"]
[White "Alekseenko, Kirill"]
[Black "Gedajlovic, Max"]
[WhiteFideId "4135539"]
[BlackFideId "2616840"]
[WhiteElo "2580"]
[BlackElo "2137"]
[Result "1-0"]
[Round "02"]
[TimeControl "180+1"]
[Date "2021.07.06"]
[WhiteClock "0:01:24"]
[BlackClock "0:01:45"]

1. d4 Nf6 2. Nc3 d5 3. Bf4 c6 4. e3 Bf5 5. f3 h6 6. g4 Bh7 7. h4 e6 8. Bd3 Bxd3 9. Qxd3 Nbd7 10. Nge2 c5 11. a3 Qb6 12. O-O-O Rc8 13. g5 Nh5 14. Bh2 g6 15. e4 cxd4 16. Nxd4 Nc5 17. Qb5+ Qxb5 18. Ndxb5 dxe4 19. Nc7+ Rxc7 20. Bxc7 Be7 21. Be5 Rh7 22. fxe4 hxg5 23. hxg5 Bxg5+ 24. Kb1 Bf6 25. Bxf6 Nxf6 26. Rxh7 Nxh7 27. b4 Nd7 28. Nb5 a5 29. Nd6+ Ke7 30. bxa5 Nc5 31. Nxb7 Nxb7 32. a6 1-0


[Site "https://www.chess.com"]

[Event "Titled Tuesday Blitz July 6 2021"]
[White "Arabidze, Meri"]
[Black "Torkkola, Henri"]
[WhiteFideId "13604040"]
[BlackFideId "507660"]
[WhiteElo "2432"]
[BlackElo "2137"]
[Result "0-1"]
[Round "02"]
[TimeControl "180+1"]
[Date "2021.07.06"]
[WhiteClock "0:00:02"]
[BlackClock "0:00:06"]

1. d4 Nf6 2. Nf3 d5 3. c4 e6 4. Nc3 dxc4 5. e3 a6 6. a4 c5 7. Bxc4 Nc6 8. O-O cxd4 9. exd4 Nb4 10. Bg5 Be7 11. Qe2 O-O 12. Rad1 Qc7 13. Ne5 b6 14. Qf3 Bb7 15. Qh3 Rad8 16. Bb3 Nfd5 17. Bd2 Bf6 18. Rfe1 Bxe5 19. Rxe5 Rd7 20. Rh5 Nf6 21. Rh4 Rfd8 22. Bg5 Bd5 23. Bxd5 Nbxd5 24. Nxd5 Rxd5 25. Rc1 Rxd4 26. Rxd4 Rxd4 27. Qe3 Rc4 28. Rxc4 Qxc4 29. Qxb6 h6 30. Be3 Nd5 31. Qb8+ Kh7 32. h3 Qxa4 33. Qb7 Qd1+ 34. Kh2 Qd3 35. Qa7 Nxe3 36. fxe3 Qb5 37. Qxf7 Qxb2 38. Qxe6 Qb8+ 39. Kg1 Qa7 40. Qf5+ Kg8 41. Qd5+ Kh8 42. Kf2 a5 43. Kf3 a4 44. Qd8+ Kh7 45. Qd3+ Kg8 46. Qa3 Qb7+ 47. Kf2 Qb3 48. Qe7 a3 49. Qe8+ Kh7 50. Qe4+ Kh8 51. Qe8+ Qg8 52. Qa4 a2 53. Kg3 Qb8+ 54. Kh4 Qd8+ 55. Kg3 Qd6+ 56. Kh4 Qf6+ 57. Kg3 a1=Q 58. Qe8+ Kh7 59. Qe4+ Qg6+ 0-1


[Site "https://www.chess.com"]

[Event "Titled Tuesday Blitz July 6 2021"]
[White "Araujo Filho, Luiz Antonio Coel"]
[Black "Nguyen, Hong Anh"]
[WhiteFideId "2130661"]
[BlackFideId "12406732"]
[WhiteElo "2248"]
[BlackElo "1974"]
[Result "1-0"]
[Round "02"]
[TimeControl "180+1"]
[Date "2021.07.06"]
[WhiteClock "0:00:05"]
[BlackClock "0:00:23"]

1. d4 Nf6 2. Nf3 g6 3. c4 Bg7 4. Nc3 d5 5. cxd5 Nxd5 6. e4 Nxc3 7. bxc3 c5 8. Be2 O-O 9. Be3 Nc6 10. O-O Qc7 11. h3 Rd8 12. Rc1 b6 13. d5 e6 14. c4 Na5 15. Qd2 Ba6 16. Bf4 Qd7 17. Rfd1 Qa4 18. Qc2 Qe8 19. e5 exd5 20. cxd5 Bxe2 21. Qxe2 Nb7 22. Qa6 Rd7 23. Rd2 Rad8 24. Qxa7 Nd6 25. Qxb6 Rb8 26. Qc6 Rc8 27. Qa4 Nf5 28. Qb5 Qd8 29. Rxc5 Rxc5 30. Qxc5 Rc7 31. Qb4 Rd7 32. d6 Bf8 33. Qb5 Ng7 34. Bg5 Qc8 35. Nd4 Rb7 36. Qc6 Rb1+ 37. Kh2 Qxc6 38. Nxc6 Ne6 39. Be7 Rc1 40. Bxf8 Kxf8 41. d7 Rxc6 42. d8=Q+ Nxd8 43. Rxd8+ Ke7 44. Ra8 Rc2 45. f4 Ke6 46. Kg3 Rc3+ 47. Kf2 Kf5 48. g3 h5 49. Ra7 Rc2+ 50. Ke3 Rc3+ 51. Kd4 Rxg3 52. Rxf7+ Ke6 53. Rf6+ Ke7 54. a4 Rxh3 55. a5 Ra3 56. a6 Ra5 57. Rxg6 h4 58. Ke4 h3 59. Rh6 h2 60. Rxh2 Rxa6 61. Kf5 Ra4 62. Rh7+ Kf8 63. e6 Kg8 64. Rb7 Ra5+ 65. Kf6 Ra4 66. f5 Ra8 67. Kg6 Rf8 68. f6 Rc8 69. e7 Kh8 70. Rd7 Rg8+ 71. Kh6 Re8 72. Rd8 Kg8 73. Rxe8+ Kf7 74. Rf8+ Ke6 75. e8=Q+ Kf5 76. Rf7 Kf4 77. Re7 Kf5 78. f7 Kg4 79. f8=Q Kh4 80. Qf4+ Kh3 81. Re3+ Kg2 82. Qg3+ Kf1 83. Re1# 1-0


[Site "https://www.chess.com"]

[Event "Titled Tuesday Blitz July 6 2021"]
[White "Assaubayeva, Bibisara"]
[Black "Kalajzic, Ivan"]
[WhiteFideId "13708694"]
[BlackFideId "14506378"]
[WhiteElo "2232"]
[BlackElo "2163"]
[Result "0-1"]
[Round "02"]
[TimeControl "180+1"]
[Date "2021.07.06"]
[WhiteClock "0:00:05"]
[BlackClock "0:00:16"]

1. d4 Nc6 2. d5 Ne5 3. e4 e6 4. Nc3 Bc5 5. Bf4 Ng6 6. Bg3 e5 7. Nf3 d6 8. Bb5+ Bd7 9. Bxd7+ Qxd7 10. h4 h6 11. h5 N6e7 12. Qd2 Bb4 13. a3 Ba5 14. Ng1 f5 15. Nge2 Nf6 16. b4 Bb6 17. Bh4 O-O 18. Bxf6 Rxf6 19. exf5 Nxf5 20. Ne4 Rf7 21. c3 Raf8 22. Rh3 c5 23. bxc5 Bxc5 24. Nxc5 dxc5 25. f3 Nd6 26. Qd3 c4 27. Qe3 b6 28. Ng3 Nf5 29. Nxf5 Qxf5 30. Rd1 Re8 31. Rg3 e4 32. f4 Qxh5 33. d6 Rd7 34. Rd4 Qh1+ 35. Kf2 Qh4 36. Kf1 Red8 37. Kg1 Rxd6 38. Rxd6 Rxd6 39. Rh3 Rd1+ 40. Kh2 Qe1 41. Qxe1 Rxe1 42. Rh5 Re3 43. Re5 Rxc3 44. Rxe4 b5 45. a4 a6 46. axb5 axb5 47. Re8+ Kf7 48. Rb8 Rb3 49. Rb7+ Ke6 50. Rxg7 c3 51. Rg6+ Kf5 52. Rxh6 Kxf4 53. Rc6 b4 54. Rc4+ Ke3 55. g4 Kd3 56. Rc7 c2 57. g5 Rc3 58. Rd7+ Kc4 0-1


[Site "https://www.chess.com"]

[Event "Titled Tuesday Blitz July 6 2021"]
[White "Avila Pavas, Santiago"]
[Black "Stojanovski, Sandi"]
[WhiteFideId "4437128"]
[BlackFideId "1403249"]
[WhiteElo "2244"]
[BlackElo "2324"]
[Result "0-1"]
[Round "02"]
[TimeControl "180+1"]
[Date "2021.07.06"]
[WhiteClock "0:00:24"]
[BlackClock "0:00:11"]

1. d4 d5 2. Bf4 Bf5 3. e3 e6 4. c4 Bb4+ 5. Nc3 Nf6 6. Qb3 c5 7. Nf3 Nc6 8. dxc5 Qa5 9. Be2 dxc4 10. Qxc4 Qxc5 11. O-O Qxc4 12. Bxc4 Bxc3 13. bxc3 O-O 14. Nd4 Be4 15. Rfd1 Rfc8 16. Bf1 Nd5 17. Rac1 Nxf4 18. exf4 Nxd4 19. Rxd4 Bd5 20. c4 Bc6 21. Rcd1 Kf8 22. f3 Ke7 23. Kf2 Rd8 24. g4 Rxd4 25. Rxd4 Rd8 26. Rxd8 Kxd8 27. Bd3 h6 28. Ke3 b6 29. Be4 Kd7 30. Kd4 Kd6 31. h4 Ba4 32. Bh7 f6 33. Be4 e5+ 34. fxe5+ fxe5+ 35. Ke3 g5 36. hxg5 hxg5 37. Bd3 Bc6 38. Be4 Bd7 39. Bf5 Bc6 40. Be4 Ba4 41. Bd5 a5 42. Bg8 Bc6 43. Bh7 Kc5 44. Be4 Bd7 45. Bd5 b5 46. Kd3 b4 47. Ke4 a4 48. Kxe5 b3 49. axb3 a3 50. b4+ Kxb4 51. c5 Kxc5 52. Ba2 Bc6 53. f4 gxf4 54. Kxf4 Bd5 55. Bb1 Kd4 56. g5 Kc3 57. Ke5 Bb3 58. g6 Kb2 59. Kd4 Kxb1 60. Kc3 a2 61. Kxb3 a1=Q 0-1


[Site "https://www.chess.com"]

[Event "Titled Tuesday Blitz July 6 2021"]
[White "Bartel, Michal"]
[Black "Keymer, Vincent"]
[WhiteFideId "1119257"]
[BlackFideId "12940690"]
[WhiteElo "2271"]
[BlackElo "2474"]
[Result "0-1"]
[Round "02"]
[TimeControl "180+1"]
[Date "2021.07.06"]
[WhiteClock "0:01:33"]
[BlackClock "0:00:35"]

1. e4 c6 2. Nc3 d5 3. Nf3 dxe4 4. Nxe4 Nf6 5. Ng3 h5 6. Bc4 h4 7. Ne5 Qd4 8. Qe2 hxg3 9. Bxf7+ Kd8 10. fxg3 Rxh2 11. Rf1 Rxg2 12. Qxg2 Qxe5+ 13. Qe2 Qxe2+ 14. Kxe2 Bg4+ 15. Ke3 e5 16. d4 Nbd7 17. c3 Bd6 18. Kf2 Kc7 19. Kg2 Rh8 20. Rf2 e4 21. Bf4 Bf3+ 22. Rxf3 exf3+ 23. Kxf3 Rf8 24. Be6 Nd5 25. Bxd5 cxd5 26. Kg4 Nf6+ 27. Kf5 Nh5+ 28. Ke6 Bxf4 29. gxf4 Nxf4+ 30. Ke7 Rf5 31. Rg1 g5 32. a4 a5 33. Rh1 g4 34. Rg1 Rg5 35. Kf6 Rg8 36. Kf7 Rg6 37. Rf1 g3 38. Rxf4 g2 39. Kxg6 g1=Q+ 40. Kf6 Qh2 41. Ke5 Qxb2 42. Kxd5 Qxc3 43. Rf7+ Kb6 44. Rf6+ Ka7 45. Rf3 Qxf3+ 0-1


[Site "https://www.chess.com"]

[Event "Titled Tuesday Blitz July 6 2021"]
[White "Baskin, Robert"]
[Black "Terry, Renato"]
[WhiteFideId "24662402"]
[BlackFideId "3803457"]
[WhiteElo "2462"]
[BlackElo "2581"]
[Result "0-1"]
[Round "02"]
[TimeControl "180+1"]
[Date "2021.07.06"]
[WhiteClock "0:00:12"]
[BlackClock "0:01:17"]

1. d4 e6 2. c4 Bb4+ 3. Nd2 Nf6 4. g3 O-O 5. Bg2 d6 6. Nf3 a5 7. O-O Qe7 8. Nb1 a4 9. a3 Ba5 10. Qxa4 c5 11. dxc5 dxc5 12. Nc3 Nc6 13. Be3 Ng4 14. Bf4 f6 15. Qc2 g5 16. Bd2 Nd4 17. Nxd4 cxd4 18. Nb5 Bxd2 19. Qxd2 e5 20. h3 Nh6 21. h4 Be6 22. Rfc1 Ng4 23. hxg5 fxg5 24. f3 Ne3 25. Qb4 Qxb4 26. axb4 Bxc4 27. Nd6 Bxe2 28. Bh3 Rxa1 29. Rxa1 d3 30. Ne4 Bxf3 31. Nd2 g4 32. Bf1 e4 33. Re1 Nc2 34. Rb1 Nxb4 35. Kf2 Nc2 36. Nc4 b5 37. Ne3 Be2+ 0-1


[Site "https://www.chess.com"]

[Event "Titled Tuesday Blitz July 6 2021"]
[White "Bluebaum, Matthias"]
[Black "Ozates, Tuna"]
[WhiteFideId "24651516"]
[BlackFideId "6354521"]
[WhiteElo "2685"]
[BlackElo "1872"]
[Result "1-0"]
[Round "02"]
[TimeControl "180+1"]
[Date "2021.07.06"]
[WhiteClock "0:00:09"]
[BlackClock "0:00:05"]

1. d4 Nf6 2. c4 g6 3. Nc3 Bg7 4. e4 O-O 5. h3 d6 6. Be3 c6 7. Nf3 a6 8. c5 Nbd7 9. e5 dxe5 10. dxe5 Nd5 11. Nxd5 cxd5 12. Bd4 Qc7 13. e6 fxe6 14. Bxg7 Kxg7 15. Qd4+ Nf6 16. Bd3 Bd7 17. O-O Rac8 18. b4 Kg8 19. Rfe1 Nh5 20. Ne5 Nf4 21. Bf1 Bb5 22. Bxb5 axb5 23. Kh2 Rf5 24. g3 Rcf8 25. f3 Nh5 26. Re3 Ng7 27. Rf1 R5f6 28. g4 Rf4 29. Qd2 d4 30. Re2 h5 31. Kg2 Kh7 32. Qd3 R8f6 33. Re4 Rxe4 34. Qxe4 Qd8 35. Rd1 Qa8 36. Rd2 Qa3 37. Qxd4 Qc1 38. Qe3 h4 39. a3 Rf8 40. Qd3 Qe1 41. Nxg6 Qg3+ 42. Kh1 Qxh3+ 43. Rh2 Qxf3+ 44. Qxf3 Rxf3 45. Nxh4 Rxa3 46. Nf5+ Kg8 47. Nxe7+ Kf7 48. Nc8 Ra1+ 49. Kg2 Rb1 50. Nd6+ Kg6 51. Rh8 Rxb4 52. Kf3 e5 53. Rg8 Rf4+ 54. Kg3 Kf6 55. g5+ Kg6 56. Nxb7 b4 57. Nd6 b3 58. c6 b2 59. Rb8 Ne6 60. Rxb2 Kxg5 61. Rc2 Rf8 62. c7 Nxc7 63. Rxc7 e4 64. Nxe4+ Kf5 65. Nc5 Ke5 66. Ra7 Kd5 67. Nd3 Rg8+ 68. Kf3 Kd4 69. Nf4 Rf8 70. Rd7+ Ke5 71. Rd5+ Kf6 72. Ra5 Rb8 73. Kg4 Rb4 74. Ra6+ Kf7 75. Kf5 Kf8 76. Ra7 Rb5+ 77. Kf6 Ke8 78. Re7+ Kf8 79. Ng6+ Kg8 80. Rg7# 1-0


[Site "https://www.chess.com"]